 Dungeon Crawl Stone Soup version 0.30-a0-374-g95c0257040 (webtiles) character file.

Game seed: 9130355634550267808

40005 Bnni the Impaler (level 14, -5/120 HPs)
             Began as a Formicid Fighter on Nov 25, 2022.
             Was an Initiate of Yredelemnul.
             Slain by a skeletal warrior
             ... wielding a +0 hand axe
              (14 damage)
             ... on level 13 of the Dungeon.
             The game lasted 00:47:14 (15503 turns).

Bnni the Impaler (Formicid Fighter)                Turns: 15503, Time: 00:47:14

Health: -5/120     AC: 20    Str: 25    XL:     14   Next: 42%
Magic:  11/20      EV:  7    Int:  9    God:    Yredelemnul [......]
Gold:   556        SH: 11    Dex: 13    Spells: 13/13 levels left

rFire   + . .      SeeInvis +    F - +12 glaive of Prune {vorpal}
rCold   + + +      Faith    +    j - +0 kite shield
rNeg    . . .      Spirit   .    T - +0 shadow dragon scales
rPois   .          Reflect  .    (helmet unavailable)
rElec   +          Harm     .    M - +0 cloak
rCorr   +          Rampage  .    P - +2 pair of gloves of the Blessed Realm {rC+ rCorr}
Will    +....                    (no boots)
Stlth   +.........               r - amulet of faith
HPRegen 0.40/turn                l - ring of Butchery {rElec rF+ rC++ rCorr Stlth-}
MPRegen 0.17/turn                i - +4 ring of protection

@: mighty
A: permanent stasis, dig shafts and tunnels, antennae 3, four strong arms
a: Dig, Shaft Self, Renounce Religion, Recall Undead Harvest


You were on level 13 of the Dungeon.
You worshipped Yredelemnul.
Yredelemnul was aware of your devotion.
You visited 2 branches of the dungeon, and saw 14 of its levels.
You also visited: Bailey and Gauntlet.

You collected 1128 gold pieces.
You spent 572 gold pieces at shops.

Inventory:

Hand Weapons
 m - a +2 demon trident of venom
 q - a +3 bardiche of protection
 F - the +12 glaive of Prune (weapon) {vorpal}
   (You found it on level 10 of the Dungeon)

   It inflicts extra damage upon your enemies.
   It halves damage taken while paralysed, petrified or unconscious.
Missiles
 a - 3 curare-tipped darts
 o - 47 poisoned darts (quivered)
 u - 7 boomerangs
 O - 11 javelins
 S - 4 silver javelins
Armour
 j - a +0 kite shield (worn)
 M - a +0 cloak (worn)
 P - the +2 pair of gloves of the Blessed Realm (worn) {rC+ rCorr}
   (You acquired it on level 5 of the Dungeon)

   rC:        It protects you from cold.
   rCorr:     It protects you from acid and corrosion.
 T - +0 shadow dragon scales (worn)
Jewellery
 i - a +4 ring of protection (right hand)
 l - the ring of Butchery (left hand) {rElec rF+ rC++ rCorr Stlth-}
   (You acquired it on level 5 of the Dungeon)

   [ring of protection from fire]

   rF:        It protects you from fire.
   rC:        It greatly protects you from cold.
   rElec:     It insulates you from electricity.
   rCorr:     It protects you from acid and corrosion.
   Stlth:     It makes you less stealthy.
 r - an amulet of faith (around neck)
 y - a ring of flight
 Q - the ring of Hoakaimm {Int+6 Dex+4 Slay+3}
   (You found it in a Gauntlet)

   [ring of intelligence]

   Int:       It affects your intelligence (+6).
   Dex:       It affects your dexterity (+4).
   Slay:      It affects your accuracy & damage with ranged weapons and melee
   (+3).
 V - an amulet of regeneration
Wands
 f - a wand of digging (1)
 x - a wand of flame (37)
 A - a wand of iceblast (13)
 E - a wand of mindburst (10)
 L - a wand of quicksilver (4)
Scrolls
 b - a scroll of silence {unknown}
 c - a scroll of brand weapon {unknown}
 g - 4 scrolls of immolation
 p - a scroll of poison {unknown}
 z - a scroll of vulnerability
 B - 2 scrolls of amnesia
 D - a scroll of fear
 G - 3 scrolls of fog
 I - a scroll of magic mapping
 N - a scroll of blinking {unknown}
Potions
 d - 7 potions of degeneration {unknown}
 e - a potion of resistance
 n - 5 potions of attraction
 s - a potion of magic
 t - 2 potions of mutation
 v - 4 potions of haste {unknown}
 J - 2 potions of cancellation {unknown}
 K - 2 potions of flight {unknown}
Miscellaneous
 C - a phantom mirror (inert)


   Skills:
 + Level 14.2 Fighting
 * Level 17.6 Polearms
 - Level 3.2 Armour
 - Level 10.0 Shields
 + Level 8.9 Invocations


You had 13 spell levels left.
You didn't know any spells.
Your spell library contained the following spells:

 Spells                   Type           Power      Damage    Failure   Level
 Apportation              Tloc           0%         N/A       99%         1
 Beastly Appendage        Tmut           0%         N/A       99%         1
 Necrotise                Necr           0%         1d4       99%         1
 Summon Small Mammal      Summ           0%         N/A       99%         1
 Scorch                   Fire           0%         2d5       100%        2
 Sublimation of Blood     Necr           0%         N/A       100%        2
 Wereblood                Tmut           0%         N/A       100%        2
 Call Canine Familiar     Summ           0%         N/A       100%        3
 Ignite Poison            Fire/Tmut/Pois 0%         N/A       100%        3
 Kindle Blastsparks       Fire/Tloc/Air  0%         2d10      100%        3
 Ozocubu's Armour         Ice            0%         N/A       100%        3
 Portal Projectile        Hex/Tloc       0%         N/A       100%        3
 Spider Form              Tmut/Pois      0%         N/A       100%        3
 Tukima's Dance           Hex            0%         N/A       100%        3
 Animate Armour           Summ/Erth      0%         N/A       100%        4
 Flame Wave               Conj/Fire      0%         2d4       100%        4
 Leda's Liquefaction      Hex/Erth       0%         N/A       100%        4
 Olgreb's Toxic Radiance  Pois           0%         N/A       100%        4
 Passage of Golubria      Tloc           0%         N/A       100%        4
 Petrify                  Tmut/Erth      0%         N/A       100%        4
 Summon Lightning Spire   Summ/Air       0%         N/A       100%        4
 Blade Hands              Tmut           0%         N/A       100%        5
 Freezing Cloud           Conj/Ice/Air   0%         6-21      100%        5
 Yara's Violent Unravell  Hex/Tmut       0%         3d3       100%        5
 Summon Cactus Giant      Summ           0%         N/A       100%        6
 Enfeeble                 Hex            0%         N/A       100%        7
 Ozocubu's Refrigeration  Ice            0%         4d7       100%        7
 Summon Hydra             Summ           0%         N/A       100%        7
 Ignition                 Fire           0%         3d3       100%        8
 Summon Horrible Things   Summ           0%         N/A       100%        8


Dungeon Overview and Level Annotations

Branches:
Dungeon (13/15)            Temple (1/1) D:5            Lair (0/5) D:10
    Orc (0/2) D:12         Vaults (0/5) D:13         Bailey (visited)
Gauntlet (visited)

Altars:
Ashenzari
Cheibriados
Dithmenos
Elyvilon
Fedhas
Gozag
Hepliaklqana
Kikubaaqudgha
Makhleb
Nemelex Xobeh
Okawaru
Qazlal
Ru
Sif Muna
Trog
Uskayaw
Vehumet
Wu Jian
Xom
Yredelemnul
Zin
The Shining One

Shops:
D:5 ?   D:11 [


Innate Abilities, Weirdness & Mutations

You cannot be hasted, slowed, berserked, paralysed or teleported.
You can dig through walls and to a lower floor.
You have a pair of large antennae on your head. (SInv)
Your four strong arms can wield two-handed weapons with a shield.


Message History

The skeletal warrior hits you but does no damage.
Unknown command.
You feel better.
The skeletal warrior hits you but does no damage.
Your skeletal warrior hits the skeletal warrior but does no damage.
You block the skeletal warrior's attack.
The centaur wields a +0 shortbow.
The centaur shoots an arrow.
The arrow barely misses you.
The skeletal warrior hits your skeletal warrior with a +0 short sword.
Your skeletal warrior hits the skeletal warrior with a +4 scimitar!
Your bog body touches the centaur!
Your bog body freezes the centaur!!
The centaur dies!
The dead are walking!
The skeletal warrior attacks as you move away!
The skeletal warrior hits you with a +0 hand axe!
* * * LOW HITPOINT WARNING * * *
The skeletal warrior hits your centaur zombie with a +0 hand axe.
The skeletal warrior barely misses your bog body.
Your bog body touches the skeletal warrior but does no damage.
Unknown command.
The skeletal warrior attacks as you move away!
The skeletal warrior hits you but does no damage.
You barely miss the skeletal warrior.
The skeletal warrior is lightly damaged.
The skeletal warrior hits you with a +0 hand axe.
* * * LOW HITPOINT WARNING * * *
The skeletal warrior hits your centaur zombie with a +0 hand axe.
Unknown command.
You feel better.
Your centaur zombie misses the skeletal warrior.
Your centaur zombie kicks the skeletal warrior but does no damage.
The skeletal warrior hits you with a +0 hand axe.
* * * LOW HITPOINT WARNING * * *
The skeletal warrior hits your centaur zombie with a +0 hand axe!
Your skeletal warrior hits the skeletal warrior with a +4 scimitar!!
Your centaur zombie barely misses the skeletal warrior. x2
You feel very mighty all of a sudden.
The skeletal warrior hits you with a +0 hand axe!
You die...
Your body rises from the dead as a mindless zombie.

#...##.#... #...##Z#...
#...##Z#).^ ####
####...##.#... ...
#.........#... #.##
#.........#... . #..##
#.........#...
..#######..#####.......))#...
..........zz@..#########)####
.........zZ###.#### #.....
#........{# #...Z###########
#....)..z{# ####............
#.....))n.+ #....########
......).)z)# #.##.ZZZ.....
.#.......).# #.####Z[Z.###
#.......)... #.# #.##Z###
#............. #.# #.##ZZZZ


You could see 2 skeletal warriors, a friendly skeletal warrior (summoned,
drained) and a friendly centaur zombie.

Vanquished Creatures
  A minotaur (Gauntlet)
  An ice dragon (D:10)
  A hydra (D:12)
  An ogre mage (D:10)
  Erica (D:10)
  2 boulder beetles
  2 dancing weapons (D:13)
  3 two-headed ogres
  A tengu warrior (D:13)
  6 death yaks (D:11)
  A shock serpent (shapeshifter) (Gauntlet)
  4 skeletal warriors
  Lodul (D:13)
  Pikel (D:8)
  A mana viper (shapeshifter) (Gauntlet)
  2 deep elf pyromancers (D:13)
  An ugly thing (D:11)
  A cyclops (D:12)
  A manticore (D:10)
  Maurice (D:10)
  Joseph (D:10)
  An unseen horror zombie (D:8)
  An apocalypse crab (Gauntlet)
  A gargoyle (D:12)
  A komodo dragon (D:10)
  3 unseen horrors
  Psyche (D:9)
  2 kobold demonologists
  2 trolls
  2 slime creatures (D:6)
  6 dream sheep (D:11)
  5 spriggans (Bailey)
  A spriggan (shapeshifter) (D:13)
  Sigmund (D:6)
  2 wyverns
  2 vampires
  A basilisk (D:10)
  5 humans (D:11)
  22 yaks
  2 wraiths
  A hog (shapeshifter) (D:10)
  A steam dragon (D:10)
  4 vampire mosquitoes
  2 acid dragons
  A water moccasin (D:10)
  2 sky beasts
  4 black bears
  4 orc warriors
  14 ogres
  6 centaurs
  2 phantoms
  7 kobold brigands
  2 bullfrogs
  A gnoll sergeant (D:7)
  5 necrophages
  6 scorpions
  6 wights
  5 killer bees (D:8)
  2 electric eels (D:12)
  5 howler monkeys
  3 centaur zombies (D:8)
  A human zombie (D:8)
  5 jellies
  4 hounds
  6 orc priests
  4 iguanas
  12 orc wizards
  2 killer bee zombies (D:8)
  A howler monkey zombie (D:8)
  4 gnolls (D:7)
  9 adders
  2 white imps (D:7)
  An ufetubus (D:7)
  3 worms
  3 dart slugs
  31 orcs
  6 ball pythons
  10 endoplasms
  2 giant cockroaches
  5 hobgoblins
  2 jackals (D:2)
  7 quokkas
  2 bats
  4 frilled lizards
  10 goblins
  16 kobolds
  4 rats (D:1)
334 creatures vanquished.

Vanquished Creatures (collateral kills)
  A two-headed ogre (D:12)
  A centaur warrior (D:13)
  Urug (D:10)
  A steelbarb worm (shapeshifter) (Gauntlet)
  An ugly thing (D:13)
  A cyclops (D:11)
  A wraith (D:10)
  7 yaks
  A wyvern (D:10)
  3 centaurs (D:13)
  A bullfrog (shapeshifter) (Gauntlet)
  2 wights (D:9)
  An orc wizard (D:10)
  7 orcs
  2 kobolds (D:9)
31 creatures vanquished.

Vanquished Creatures (others)
  A spectral centaur (D:13)
  2 death yak zombies (D:11)
  An unseen horror zombie (D:13)
  A boulder beetle zombie (D:13)
  A spectral kobold (D:13)
  A sky beast (D:7)
  An elf zombie (D:13)
  A manticore zombie (D:10)
  2 dream sheep zombies (D:11)
  A vampire mosquito zombie (D:13)
  2 wyvern zombies (D:10)
  A water moccasin zombie (D:10)
  5 yak zombies
  2 black bear zombies (D:10)
  3 centaur zombies
  A basilisk zombie (D:10)
  2 scorpion zombies (D:10)
  5 ogre zombies (D:13)
  4 human zombies
  A howler monkey zombie (D:10)
  A kobold (D:9)
  4 kobold zombies
  12 orc zombies
  31 fungi
  30 plants (D:10)
  4 toadstools (D:6)
120 creatures vanquished.

Grand Total: 485 creatures vanquished

Notes
Turn   | Place    | Note
-------+----------+-------------------------------------------
     0 | D:1      | Bnni the Formicid Fighter began the quest for the Orb.
     0 | D:1      | Reached XP level 1. HP: 18/18 MP: 1/1
   257 | D:1      | Reached XP level 2. HP: 24/24 MP: 2/2
   993 | D:2      | Reached XP level 3. HP: 28/29 MP: 3/3
  1323 | D:2      | You fall into a shaft and drop 2 floors!
  1368 | D:4      | Noticed a necrophage
  1384 | D:4      | Reached skill level 3 in Polearms
  1390 | D:4      | Killed a necrophage
  1391 | D:4      | Reached skill level 5 in Shields
  1391 | D:4      | Reached XP level 4. HP: 35/37 MP: 4/4
  1391 | D:4      | Reached XP level 5. HP: 39/42 MP: 5/5
  2027 | D:2      | Found a faded altar of an unknown god.
  2634 | D:3      | Reached XP level 6. HP: 39/48 MP: 6/6
  2690 | D:3      | Found a bloodstained altar of Trog.
  2803 | D:3      | Reached skill level 4 in Polearms
  2861 | D:4      | Found a shadowy altar of Dithmenos.
  3243 | D:4      | Found a glowing silver altar of Zin.
  3600 | D:4      | Found a blossoming altar of Fedhas.
  3731 | D:5      | Entered Level 5 of the Dungeon
  3741 | D:5      | Reached XP level 7. HP: 40/55 MP: 7/7
  3812 | D:5      | Found Nong's Magic Scroll Boutique.
  3972 | D:5      | Reached skill level 5 in Polearms
  4056 | D:5      | Found a staircase to the Ecumenical Temple.
  4078 | Temple   | Entered the Ecumenical Temple
  4250 | D:5      | Found a stormy altar of Qazlal.
  4342 | D:5      | Reached skill level 5 in Fighting
  4464 | D:6      | Noticed Sigmund
  4474 | D:6      | HP: 1/56 [Sigmund/+3 scythe of distortion (22)]
  4475 | D:6      | Killed Sigmund
  4476 | D:6      | Reached XP level 8. HP: 2/62 MP: 8/8
  4606 | D:5      | Reached skill level 6 in Polearms
  4769 | D:6      | Found a shimmering altar of Xom.
  4973 | D:6      | Reached XP level 9. HP: 43/69 MP: 9/9
  4989 | D:6      | Reached skill level 7 in Polearms
  5236 | D:6      | Reached skill level 10 in Shields
  5415 | D:6      | Noticed a slime creature
  5431 | D:6      | Killed a slime creature
  5590 | D:6      | Noticed a slime creature
  5604 | D:6      | Killed a slime creature
  5605 | D:6      | Reached skill level 8 in Polearms
  7273 | D:8      | Reached skill level 9 in Polearms
  7450 | D:8      | Reached XP level 10. HP: 55/80 MP: 10/10
  7698 | D:8      | Found an ancient bone altar of Kikubaaqudgha.
  7746 | D:8      | Reached skill level 10 in Polearms
  7884 | D:8      | Found a flagged portal.
  7890 | Bailey   | Entered a bailey
  8152 | Bailey   | Reached skill level 11 in Polearms
  8196 | Bailey   | Noticed a two-headed ogre
  8204 | Bailey   | Killed a two-headed ogre
  8461 | D:8      | Reached XP level 11. HP: 82/89 MP: 11/11
  8544 | D:8      | Noticed Pikel
  8558 | D:8      | Killed Pikel
  8638 | D:8      | Found a basalt altar of Yredelemnul.
  8646 | D:8      | Became a worshipper of Yredelemnul the Dark
  8779 | D:8      | Found a glowing silver altar of Zin.
  8779 | D:8      | Found an opulent altar of Gozag.
  8860 | D:8      | Reached skill level 12 in Polearms
  9071 | D:9      | Noticed a two-headed ogre
  9081 | D:9      | Killed a two-headed ogre
  9081 | D:9      | Reached * piety under Yredelemnul
  9082 | D:9      | Reached skill level 10 in Fighting
  9221 | D:9      | Found a hazy altar of Hepliaklqana.
  9230 | D:9      | Found a hide-covered altar of Uskayaw.
  9233 | D:9      | Noticed Psyche
  9245 | D:9      | Reached ** piety under Yredelemnul
  9266 | D:9      | Killed Psyche
  9508 | D:9      | Reached *** piety under Yredelemnul
  9513 | D:9      | Reached **** piety under Yredelemnul
  9523 | D:9      | Reached ***** piety under Yredelemnul
  9651 | D:9      | Reached skill level 13 in Polearms
  9736 | D:9      | Found a broken altar of Ashenzari.
  9740 | D:9      | Found a white marble altar of Elyvilon.
 10009 | D:10     | Entered Level 10 of the Dungeon
 10020 | D:10     | Noticed Maurice
 10031 | D:10     | Killed Maurice
 10052 | D:10     | Your ally Maurice died
 10450 | D:10     | Noticed Urug
 10468 | D:10     | Killed Urug
 10764 | D:10     | Noticed Erica
 10773 | D:10     | Killed Erica
 10774 | D:10     | Reached XP level 12. HP: 96/100 MP: 9/12
 10809 | D:10     | Found an iron altar of Okawaru.
 10828 | D:10     | Reached skill level 14 in Polearms
 10947 | D:10     | Found a runed translucent door.
 10955 | D:10     | Reached ****** piety under Yredelemnul
 10955 | D:10     | Noticed a boulder beetle
 10976 | D:10     | Killed a boulder beetle
 11057 | D:10     | Noticed an ice dragon
 11057 | D:10     | Noticed an ogre mage
 11072 | D:10     | Killed an ice dragon
 11073 | D:10     | Reached skill level 1 in Invocations
 11374 | D:5      | Bought a scroll of acquirement for 572 gold pieces
 11374 | D:5      | Acquired a +1 bardiche of protection
 11376 | D:5      | Acquired the +2 pair of gloves of the Blessed Realm {rC+
                  | rCorr}
 11389 | D:5      | Acquired the ring of Butchery {rElec rF+ rC++ rCorr Stlth-}
 11481 | D:10     | Killed an ogre mage
 11767 | D:10     | Found the +12 glaive of Prune {vorpal}
 11829 | D:10     | Noticed Joseph
 11837 | D:10     | Killed Joseph
 11893 | D:10     | Found a staircase to the Lair.
 12042 | D:11     | Found a stormy altar of Qazlal.
 12050 | D:11     | Found a gate leading to a gauntlet.
 12055 | D:11     | Reached skill level 15 in Polearms
 12104 | Gauntlet | Entered a Gauntlet
 12104 | Gauntlet | Found a transporter.
 12108 | Gauntlet | Noticed a death scarab
 12124 | Gauntlet | Noticed a death scarab
 12130 | Gauntlet | Found a transporter.
 12130 | Gauntlet | Noticed a death drake
 12132 | Gauntlet | a death drake changed into a swamp dragon
 12132 | Gauntlet | Noticed a swamp dragon (glowing shapeshifter)
 12136 | Gauntlet | a swamp dragon changed into a lindwurm
 12139 | Gauntlet | a manticore changed into a two-headed ogre
 12139 | Gauntlet | Noticed a two-headed ogre (glowing shapeshifter)
 12144 | Gauntlet | a two-headed ogre changed into a dream sheep
 12146 | Gauntlet | Found a transporter.
 12150 | Gauntlet | Found a transporter.
 12152 | Gauntlet | an elephant changed into an orb spider
 12152 | Gauntlet | Noticed an orb spider (shapeshifter)
 12160 | Gauntlet | Found a transporter.
 12180 | Gauntlet | Found a transporter.
 12189 | Gauntlet | Noticed a death yak
 12191 | Gauntlet | Noticed a death yak
 12192 | Gauntlet | Noticed a death yak
 12193 | Gauntlet | Found a transporter.
 12213 | Gauntlet | Found a transporter.
 12217 | Gauntlet | Found a transporter.
 12225 | Gauntlet | Found a transporter.
 12253 | Gauntlet | Found a transporter.
 12253 | Gauntlet | Found a transporter.
 12296 | Gauntlet | Noticed a shock serpent
 12303 | Gauntlet | a troll changed into an entropy weaver
 12303 | Gauntlet | Noticed an entropy weaver (glowing shapeshifter)
 12307 | Gauntlet | an entropy weaver changed into a swamp dragon
 12307 | Gauntlet | Noticed a swamp dragon (glowing shapeshifter)
 12310 | Gauntlet | a swamp dragon changed into a swamp worm
 12319 | Gauntlet | Noticed an anaconda
 12322 | Gauntlet | an anaconda changed into a steelbarb worm
 12322 | Gauntlet | Noticed a steelbarb worm (glowing shapeshifter)
 12323 | Gauntlet | Killed a shock serpent
 12325 | Gauntlet | Killed a steelbarb worm
 12368 | Gauntlet | Identified the +6 falchion of a sewer {flame, rC+}
 12369 | Gauntlet | Identified the ring of Hoakaimm {Int+6 Dex+4 Slay+3}
 12382 | Gauntlet | Noticed a minotaur
 12392 | Gauntlet | Killed a minotaur
 12393 | Gauntlet | Reached XP level 13. HP: 104/109 MP: 14/16
 12420 | Gauntlet | Got the Dissertation on the United Caves
 12422 | Gauntlet | Identified the +0 robe of Broken Taboos {rElec Regen+ Int-2
                  | Dex-4}
 12519 | D:11     | Reached skill level 5 in Invocations
 12556 | D:11     | Reached skill level 16 in Polearms
 12973 | D:11     | Found Ryoxzyog's Antique Armour Boutique.
 14030 | D:12     | Noticed a four-headed hydra
 14034 | D:12     | Killed a four-headed hydra
 14350 | D:12     | Found a staircase to the Orcish Mines.
 14350 | D:12     | Found the +8 trident of the Octopus King {venom, rElec
                  | rPois}
 14365 | D:12     | Reached XP level 14. HP: 112/119 MP: 19/19
 14705 | D:13     | Noticed Lodul
 14715 | D:13     | Reached skill level 17 in Polearms
 14733 | D:13     | Killed Lodul
 15395 | D:13     | Found a gate to the Vaults.
 15494 | D:13     | HP: 4/120 [skeletal warrior/+4 scimitar (17)]
 15501 | D:13     | HP: 5/120 [skeletal warrior/+0 hand axe (6)]
 15503 | D:13     | Slain by a skeletal warrior

Illustrated notes

Levels and vault maps discovered:
D:1:      saegor_arrival_simple_e, layout_loops_corners, nrook_loot_triangle
D:2:      layout_loops_corners, ebering_ecumenical_altar_box, serial_rivers,
          chequers_serial_rivers_micro_d, chequers_serial_rivers_small_a,
          chequers_serial_rivers_small_a, chequers_serial_rivers_micro_c,
          chequers_serial_rivers_room_a, chequers_serial_rivers_micro_c,
          grunt_ministairs_12
D:3:      layout_rooms, mainiacjoe_overflow_alcove_1, minmay_unequal
D:4:      layout_rooms, mainiacjoe_overflow_surrounded_room, marbit_many_paths,
          minmay_ruined_shrine
D:5:      layout_basic, nicolae_overflow_crystal_walls,
          minmay_temple_entry_mist, serial_shops, nicolae_diamond_shop
D:6:      cheibrodos_fertilizer, layout_rooms, lemuel_round_altar,
          chequers_decorated_corner, wad_floor_pattern_untrapped, uniq_sigmund
D:7:      layout_layer_cave, lemuel_flame_loot_1
D:8:      layout_basic, grunt_temple_overflow_gold_and_silver,
          lemuel_mausoleum_altar_kikubaaqudgha, lemuel_round_altar,
          enter_bailey_3, minivault_23, uniq_pikel
D:9:      layout_basic, grunt_temple_overflow_open, uniq_psyche
D:10:     layout_cave_pools, mainiacjoe_overflow_catwalk,
          due_lair_maze_entry_diamond, minivault_13, uniq_urug, uniq_joseph,
          uniq_erica, uniq_maurice
D:11:     slaughterhouse, layout_cave_pools, gauntlet_entry_generic,
          serial_shops, shop, nicolae_qazlal_style_of_elements
D:12:     layout_basic, minmay_orc_entry_temple_small,
          amcnicky_mini_corridor_feature
D:13:     layout_basic, erik_vaults_1, special_room [special_room_bee],
          uniq_lodul, uniq_snorg
Temple:   hellmonk_temple_rainy

Skill      XL: |  1  2  3  4  5  6  7  8  9 10 11 12 13 14 |
---------------+-------------------------------------------+-----
Polearms       | 3 4 5 6 9 11 13 15 16 17 | 17.6
Shields        | 5 6 8 9 10 | 10.0
Fighting       | 4 5 6 7 9 11 12 13 14 | 14.2
Invocations    | 4 7 8 |  8.9
Armour         | |  3.2

Action                   |  1- 3 |  4- 6 |  7- 9 | 10-12 | 13-15 || total
-------------------------+-------+-------+-------+-------+-------++-------
Melee: Trident           |    97 |   189 |   374 |   135 |       ||   795
       Halberd           |       |       |       |   251 |       ||   251
       Demon trident     |       |       |       |    86 |     2 ||    88
       Glaive            |       |       |       |    56 |   233 ||   289
       Bardiche          |       |       |       |     1 |       ||     1
Throw: Dart              |       |       |     2 |    14 |       ||    16
Invok: Recall Undead Har |       |       |       |     4 |     2 ||     6
       Bind Soul         |       |       |       |     1 |     2 ||     3
       Drain Life        |       |       |       |       |     1 ||     1
       Dark Bargain      |       |       |       |       |     1 ||     1
 Abil: Dig               |     1 |     1 |     1 |     1 |     2 ||     6
Evoke: Wand              |       |       |     2 |       |       ||     2
       Phantom mirror    |       |       |       |     1 |     1 ||     2
  Use: Potion            |     1 |     2 |     3 |     5 |     7 ||    18
       Scroll            |       |     9 |     4 |    10 |     2 ||    25
 Stab: Distracted        |       |     1 |       |       |     5 ||     6
       Fleeing           |       |       |       |       |     1 ||     1
       Sleeping          |       |       |       |       |     1 ||     1
Armor: Scale mail        |    39 |    17 |       |       |       ||    56
       Chain mail        |       |    58 |   123 |   179 |       ||   360
       Skin              |       |       |     4 |       |       ||     4
       Shadow dragon sca |       |       |       |       |    61 ||    61
Dodge: Dodged            |    31 |    65 |    91 |   101 |    26 ||   314
       Repelled          |       |       |       |     2 |       ||     2
Block: Buckler           |    13 |    29 |    63 |       |       ||   105
       Kite shield       |       |       |    54 |   202 |    64 ||   320

Table legend: (Time is in decaauts)
 A = Elapsed time spent in this place.
 B = Non-inter-level travel time spent in this place.
 C = Inter-level travel time spent in this place.
 D = Time resting spent in this place.
 E = Time spent auto-exploring this place.
 F = Levels seen in this place.
 G = Mean time per level.
                   A        B        C        D        E       F      G
               +--------+--------+--------+--------+--------+-----+--------+
         Total |  15517 |  15078 |    439 |   2543 |   9288 |  16 |  969.8 |
       Dungeon |  14695 |  14263 |    432 |   2286 |   9094 |  13 | 1130.4 |
        Temple |     15 |      8 |      7 |      0 |      0 |   1 |   15.0 |
        Bailey |    483 |    483 |      0 |    257 |     41 |   1 |  483.0 |
      Gauntlet |    323 |    323 |      0 |      0 |    152 |   1 |  323.0 |
               +--------+--------+--------+--------+--------+-----+--------+

Top non-repeatable levels by time:
    D:10: 1808 daAuts
     D:7: 1434 daAuts
     D:8: 1352 daAuts
    D:12: 1261 daAuts
     D:6: 1251 daAuts
     D:2: 1186 daAuts
     D:9: 1180 daAuts
     D:3: 949 daAuts
     D:5: 924 daAuts
     D:1: 905 daAuts
    D:11: 902 daAuts
    D:13: 797 daAuts
     D:4: 740 daAuts
  Bailey: 483 daAuts
Gauntlet: 323 daAuts
